[ AOE2 MATCH · #476804148 ]
UnrankedSicilians vs Wei
[ REPLAY ANALYSIS · EXTRACTED FROM THE RECORDED GAME ]
Feudal
13:53
Castle
21:21
Imperial
—
| APM avg | 7.6 |
| APM peak | 15 |
| eAPM avg | 5.7 |
| Villagers / military | 41 / 5 |
Focus
⚔️ 10.2% · 🌾 89.8%
Trade Cart ×8 · Serjeant ×5
Feudal
12:19
Castle
—
Imperial
—
| APM avg | 10.9 |
| APM peak | 36 |
| eAPM avg | 6.4 |
| Villagers / military | 39 / 13 |
Focus
⚔️ 15.5% · 🌾 84.5%
Scout Cavalry ×11 · Spearman ×2
Feudal
11:49
Castle
16:50
Imperial
—
| APM avg | 11.1 |
| APM peak | 53 |
| eAPM avg | 6.9 |
| Villagers / military | 44 / 0 |
Focus
⚔️ 8.8% · 🌾 91.2%
Feudal
11:45
Castle
22:24
Imperial
—
| APM avg | 9.7 |
| APM peak | 26 |
| eAPM avg | 6.0 |
| Villagers / military | 50 / 0 |
Focus
⚔️ 14.4% · 🌾 85.6%
Feudal
9:11
Castle
20:52
Imperial
—
| APM avg | 6.4 |
| APM peak | 16 |
| eAPM avg | 5.7 |
| Villagers / military | 62 / 0 |
Focus
⚔️ 10.1% · 🌾 89.9%
Unknown (1968) ×2
Feudal
—
Castle
—
Imperial
—
| APM avg | 30.0 |
| APM peak | 76 |
| eAPM avg | 12.1 |
| Villagers / military | 43 / 28 |
Focus
⚔️ 24.2% · 🌾 75.8%
Militia ×20 · Trade Cart ×8 · Scout Cavalry ×6 · Spearman ×2
Match map
Initial resources + every placement click. Lines = walls · curves = elevation contours. ◆ gold · ⬟ stone · ● berries · ✦ relic · ◌ wall gap
Your base· Open — 11t gap
denismca's base· Open — unwalled flank
maces's base· Open — unwalled flank
Lanyco's base· Open — unwalled flank
乃口爪乃丹00ⅨⅤ's base· Open — 10t gap
MAIZE8221's base· Open — 7t gap
Smoothed initial terrain · ◌ = detected wall gap · hover for details
Inputs per minute
— Vedro - - denismca
Build order — Vedro
85 actions detected in the replay
| 0:11 | Build | Town Center |
| 0:18 | Build | House |
| 0:19 | Build | House |
| 0:34 | Build | Mill |
| 1:39 | Create | Villager (Male) |
| 1:40 | Create | Villager (Male) |
| 1:40 | Create | Villager (Male) |
| 1:40 | Create | Villager (Male) |
| 2:51 | Create | Villager (Male) |
| 3:15 | Build | Lumber Camp |
| 3:35 | Create | Villager (Male) |
| 3:57 | Create | Villager (Male) |
| 4:45 | Create | Villager (Male) |
| 5:05 | Create | Villager (Male) |
| 5:37 | Build | Donjon |
| 5:43 | Create | Villager (Male) |
| 5:43 | Create | Villager (Male) |
| 6:08 | Create | Villager (Male) |
| 6:21 | Create | Villager (Male) |
| 6:49 | Create | Villager (Male) |
| 7:00 | Create | Villager (Male) |
| 7:15 | Build | Barracks |
| 7:19 | Create | Villager (Male) |
| 7:48 | Create | Villager (Male) |
| 8:27 | Build | Mining Camp |
| 8:29 | Create | Villager (Male) |
| 8:30 | Create | Villager (Male) |
| 11:02 | Build | Farm |
| 11:05 | Build | Farm |
| 11:13 | Build | Farm |
| 11:16 | Build | Farm |
| 11:19 | Build | Farm |
| 11:24 | Build | Farm |
| 11:43 | Research | Feudal Age |
| 12:33 | Build | Farm |
| 12:37 | Build | Farm |
| 12:50 | Create | Villager (Male) |
| 12:51 | Create | Villager (Male) |
| 13:53 | Age | Feudal Age |
| 13:58 | Research | Double-Bit Axe |
| 14:00 | Research | Horse Collar |
| 14:14 | Build | Market |
| 14:29 | Build | Barracks |
| 14:39 | Research | Wheelbarrow |
| 14:39 | Create | Villager (Male) |
| 14:39 | Create | Villager (Male) |
| 14:50 | Build | Farm |
| 14:52 | Build | Farm |
| 14:55 | Build | Farm |
| 15:26 | Create | Serjeant |
| 15:26 | Create | Serjeant |
| 15:27 | Create | Serjeant |
| 15:49 | Build | Archery Range |
| 16:08 | Build | House |
| 16:09 | Build | House |
| 16:10 | Build | House |
| 16:11 | Build | House |
| 16:13 | Build | House |
| 16:27 | Create | Trade Cart |
| 16:35 | Create | Trade Cart |
| 17:58 | Build | Donjon |
| 18:41 | Research | Castle Age |
| 20:08 | Create | Serjeant |
| 20:08 | Create | Serjeant |
| 21:21 | Age | Castle Age |
| 21:33 | Build | Town Center |
| 21:39 | Build | Town Center |
| 21:45 | Build | Town Center |
| 22:15 | Build | Town Center |
| 23:32 | Build | Farm |
| 23:41 | Create | Villager (Male) ×3 |
| 24:39 | Create | Villager (Male) ×5 |
| 25:37 | Create | Trade Cart |
| 25:37 | Create | Trade Cart |
| 26:07 | Create | Villager (Male) ×5 |
| 26:42 | Build | Castle |
| 27:03 | Create | Trade Cart |
| 27:03 | Create | Trade Cart |
| 27:57 | Research | First Crusade |
| 28:11 | Create | Villager (Male) ×2 |
| 29:01 | Create | Trade Cart |
| 29:01 | Create | Trade Cart |
| 30:07 | Build | Farm |
| 30:12 | Research | Hand Cart |
| 30:13 | Create | Villager (Male) ×3 |
Build order — denismca
133 actions detected in the replay
| 0:06 | Build | Town Center |
| 0:21 | Build | House |
| 0:22 | Build | House |
| 0:24 | Build | House |
| 1:24 | Create | Villager (Male) |
| 1:24 | Create | Villager (Male) |
| 1:25 | Create | Villager (Male) |
| 1:25 | Create | Villager (Male) |
| 1:26 | Research | Loom |
| 1:50 | Build | Mill |
| 2:34 | Create | Villager (Male) |
| 2:35 | Create | Villager (Male) |
| 2:51 | Create | Villager (Male) |
| 2:51 | Create | Villager (Male) |
| 3:22 | Create | Villager (Male) |
| 3:22 | Create | Villager (Male) |
| 3:22 | Create | Villager (Male) |
| 4:01 | Create | Villager (Male) |
| 4:01 | Create | Villager (Male) |
| 4:13 | Build | Lumber Camp |
| 4:33 | Create | Villager (Male) |
| 5:05 | Create | Villager (Male) |
| 5:05 | Create | Villager (Male) |
| 5:19 | Create | Villager (Male) |
| 5:46 | Create | Villager (Male) |
| 6:18 | Create | Villager (Male) |
| 7:04 | Create | Villager (Male) |
| 7:26 | Build | Barracks |
| 7:54 | Create | Villager (Male) |
| 7:54 | Create | Villager (Male) |
| 8:40 | Build | Mining Camp |
| 8:52 | Create | Villager (Male) |
| 8:56 | Create | Villager (Male) |
| 8:56 | Create | Villager (Male) |
| 9:25 | Build | Farm |
| 9:58 | Build | Farm |
| 10:03 | Build | Farm |
| 10:09 | Research | Feudal Age |
| 12:19 | Age | Feudal Age |
| 12:22 | Build | Stable |
| 12:32 | Build | Stone Wall |
| 12:38 | Research | Wheelbarrow |
| 12:40 | Research | Horse Collar |
| 12:40 | Research | Horse Collar |
| 12:44 | Research | Double-Bit Axe |
| 12:59 | Build | Blacksmith |
| 13:26 | Research | Bloodlines |
| 14:31 | Research | Forging |
| 14:46 | Build | Farm |
| 14:47 | Build | Farm |
| 14:48 | Build | Farm |
| 14:49 | Build | Farm |
| 14:51 | Build | Farm |
| 14:52 | Build | Farm |
| 15:16 | Create | Scout Cavalry |
| 15:16 | Create | Scout Cavalry |
| 15:45 | Build | Stone Wall |
| 15:53 | Create | Scout Cavalry |
| 15:53 | Create | Scout Cavalry |
| 16:07 | Create | Villager (Male) |
| 16:36 | Build | Market |
| 16:41 | Create | Scout Cavalry |
| 16:41 | Create | Scout Cavalry |
| 17:00 | Build | Stone Wall |
| 17:05 | Build | House |
| 17:05 | Build | House |
| 17:06 | Build | House |
| 17:06 | Build | House |
| 17:06 | Build | House |
| 17:06 | Build | House |
| 17:07 | Build | House |
| 17:07 | Build | House |
| 17:07 | Build | House |
| 17:07 | Build | House |
| 17:08 | Build | House |
| 17:08 | Build | House |
| 17:15 | Research | Scale Barding Armor |
| 18:25 | Create | Scout Cavalry |
| 18:25 | Create | Scout Cavalry |
| 18:26 | Create | Scout Cavalry |
| 18:26 | Create | Scout Cavalry |
| 18:48 | Create | Scout Cavalry |
| 19:03 | Create | Spearman |
| 19:03 | Create | Spearman |
| 21:31 | Build | Town Center |
| 21:42 | Build | Lumber Camp |
| 22:21 | Build | Mill |
| 22:56 | Build | House |
| 22:56 | Build | House |
| 22:59 | Build | House |
| 23:31 | Build | Farm |
| 23:34 | Build | Farm |
| 24:13 | Build | House |
| 24:34 | Build | Farm |
| 24:56 | Build | House |
| 25:04 | Create | Villager (Male) |
| 25:05 | Create | Villager (Male) |
| 25:05 | Create | Villager (Male) |
| 25:06 | Create | Villager (Male) |
| 25:34 | Research | Fletching |
| 25:38 | Build | House |
| 25:51 | Build | Mill |
| 26:01 | Build | Farm |
| 26:03 | Build | Farm |
| 26:04 | Build | Farm |
| 26:06 | Build | Farm |
| 26:08 | Build | Farm |
| 26:09 | Build | Farm |
| 26:11 | Build | Farm |
| 26:42 | Build | Farm |
| 26:51 | Build | House |
| 27:17 | Create | Villager (Male) |
| 27:18 | Create | Villager (Male) |
| 27:18 | Create | Villager (Male) |
| 27:18 | Create | Villager (Male) |
| 27:25 | Build | Mining Camp |
| 27:34 | Build | House |
| 27:34 | Build | House |
| 27:34 | Build | House |
| 27:35 | Build | House |
| 27:35 | Build | House |
| 27:35 | Build | House |
| 27:35 | Build | House |
| 27:37 | Build | House |
| 28:13 | Create | Villager (Male) |
| 28:13 | Create | Villager (Male) |
| 28:13 | Create | Villager (Male) |
| 28:19 | Build | Mining Camp |
| 28:25 | Research | Gold Mining |
| 28:27 | Research | Stone Mining |
| 29:14 | Create | Villager (Male) |
| 29:14 | Create | Villager (Male) |
| 30:02 | Build | Farm |
Build order — maces
74 actions detected in the replay
| 0:14 | Build | Town Center |
| 1:43 | Create | Villager (Male) |
| 1:44 | Create | Villager (Male) |
| 1:44 | Create | Villager (Male) |
| 1:44 | Create | Villager (Male) |
| 2:37 | Build | House |
| 2:45 | Build | Lumber Camp |
| 2:53 | Create | Villager (Male) |
| 3:18 | Create | Villager (Male) |
| 3:26 | Create | Villager (Male) |
| 3:58 | Create | Villager (Male) |
| 4:38 | Create | Villager (Male) |
| 4:38 | Create | Villager (Male) |
| 4:55 | Build | House |
| 5:01 | Build | Mill |
| 5:04 | Create | Villager (Male) |
| 6:04 | Create | Villager (Male) |
| 6:04 | Create | Villager (Male) |
| 6:41 | Create | Villager (Male) |
| 7:16 | Create | Villager (Male) |
| 7:51 | Create | Villager (Male) |
| 7:52 | Create | Villager (Male) |
| 7:53 | Create | Villager (Male) |
| 8:11 | Create | Villager (Male) |
| 8:31 | Build | Mining Camp |
| 8:41 | Build | Barracks |
| 9:03 | Build | Farm |
| 9:03 | Build | Farm |
| 9:04 | Build | Farm |
| 9:33 | Research | Feudal Age |
| 10:30 | Build | Farm |
| 10:34 | Build | Farm |
| 10:38 | Build | Farm |
| 11:49 | Age | Feudal Age |
| 11:54 | Create | Villager (Male) |
| 12:04 | Build | Market |
| 12:50 | Build | Farm |
| 13:06 | Create | Villager (Male) |
| 13:28 | Build | Blacksmith |
| 14:10 | Research | Castle Age |
| 16:50 | Age | Castle Age |
| 17:19 | Build | Town Center |
| 17:21 | Create | Villager (Male) |
| 17:21 | Create | Villager (Male) |
| 17:21 | Create | Villager (Male) |
| 17:22 | Create | Villager (Male) |
| 17:22 | Create | Villager (Male) |
| 17:22 | Create | Villager (Male) |
| 17:23 | Create | Villager (Male) |
| 17:23 | Create | Villager (Male) |
| 17:25 | Create | Villager (Male) |
| 17:25 | Create | Villager (Male) |
| 17:25 | Create | Villager (Male) |
| 17:26 | Create | Villager (Male) |
| 18:30 | Build | Castle |
| 19:54 | Build | University |
| 21:44 | Research | Murder Holes |
| 21:54 | Create | Villager (Male) |
| 21:54 | Create | Villager (Male) |
| 23:10 | Create | Villager (Male) |
| 23:10 | Create | Villager (Male) |
| 23:11 | Create | Villager (Male) |
| 23:11 | Create | Villager (Male) |
| 23:12 | Create | Villager (Male) |
| 23:45 | Build | Mining Camp |
| 24:18 | Create | Villager (Male) |
| 24:18 | Create | Villager (Male) |
| 24:18 | Create | Villager (Male) |
| 24:19 | Create | Villager (Male) |
| 25:08 | Research | Stone Mining |
| 26:05 | Build | Farm |
| 26:07 | Build | Farm |
| 28:16 | Build | Castle |
| 29:10 | Build | Mining Camp |
Build order — Lanyco
110 actions detected in the replay
| 0:18 | Build | Town Center |
| 1:09 | Build | House |
| 1:21 | Build | House |
| 1:29 | Create | Villager (Male) |
| 1:32 | Create | Villager (Male) |
| 1:32 | Create | Villager (Male) |
| 1:32 | Create | Villager (Male) |
| 1:32 | Create | Villager (Male) |
| 2:45 | Create | Villager (Male) |
| 3:19 | Create | Villager (Male) |
| 3:43 | Create | Villager (Male) |
| 4:21 | Create | Villager (Male) |
| 4:45 | Build | Lumber Camp |
| 5:02 | Research | Loom |
| 5:02 | Create | Villager (Male) |
| 5:03 | Create | Villager (Male) |
| 5:03 | Create | Villager (Male) |
| 5:03 | Create | Villager (Male) |
| 7:10 | Build | Mill |
| 7:22 | Create | Villager (Male) |
| 7:22 | Create | Villager (Male) |
| 7:22 | Create | Villager (Male) |
| 7:23 | Create | Villager (Male) |
| 7:23 | Create | Villager (Male) |
| 7:23 | Create | Villager (Male) |
| 9:35 | Research | Feudal Age |
| 10:37 | Build | House |
| 11:08 | Build | House |
| 11:13 | Build | House |
| 11:45 | Age | Feudal Age |
| 11:49 | Create | Villager (Male) |
| 11:49 | Create | Villager (Male) |
| 11:49 | Create | Villager (Male) |
| 11:49 | Create | Villager (Male) |
| 12:10 | Build | Farm |
| 12:22 | Build | Blacksmith |
| 12:31 | Build | Farm |
| 12:32 | Build | Farm |
| 12:34 | Build | Farm |
| 12:35 | Build | Farm |
| 12:36 | Build | Farm |
| 12:37 | Build | Farm |
| 12:38 | Build | Farm |
| 12:46 | Build | Farm |
| 12:46 | Build | Farm |
| 13:01 | Create | Villager (Male) |
| 13:01 | Create | Villager (Male) |
| 13:02 | Create | Villager (Male) |
| 13:02 | Create | Villager (Male) |
| 13:06 | Research | Double-Bit Axe |
| 13:08 | Research | Horse Collar |
| 13:37 | Build | Farm |
| 13:52 | Build | Farm |
| 14:00 | Build | Farm |
| 14:48 | Build | Market |
| 15:10 | Build | Stone Wall |
| 15:26 | Create | Villager (Male) |
| 15:26 | Create | Villager (Male) |
| 15:26 | Create | Villager (Male) |
| 16:00 | Build | Barracks |
| 16:39 | Build | Mining Camp |
| 16:55 | Build | Stone Wall |
| 17:00 | Build | Gate |
| 17:25 | Build | Stone Wall |
| 17:33 | Build | Gate |
| 17:57 | Create | Villager (Male) |
| 18:01 | Create | Villager (Male) |
| 18:08 | Research | Gold Mining |
| 18:10 | Research | Stone Mining |
| 18:21 | Create | Villager (Male) |
| 18:21 | Create | Villager (Male) |
| 18:38 | Build | House |
| 19:31 | Build | Mining Camp |
| 19:44 | Research | Castle Age |
| 21:43 | Build | Stone Wall |
| 21:55 | Build | Stone Wall |
| 22:05 | Build | Gate |
| 22:24 | Age | Castle Age |
| 22:30 | Create | Villager (Male) |
| 22:30 | Create | Villager (Male) |
| 22:30 | Create | Villager (Male) |
| 22:31 | Create | Villager (Male) |
| 22:31 | Create | Villager (Male) |
| 22:31 | Create | Villager (Male) |
| 23:03 | Build | Stone Wall |
| 23:45 | Research | Gold Shaft Mining |
| 23:48 | Research | Heavy Plow |
| 23:51 | Research | Bow Saw |
| 24:52 | Build | Stone Wall |
| 25:32 | Build | Castle |
| 25:38 | Create | Villager (Male) |
| 25:39 | Create | Villager (Male) |
| 25:39 | Create | Villager (Male) |
| 25:39 | Create | Villager (Male) |
| 25:42 | Create | Villager (Male) |
| 25:42 | Create | Villager (Male) |
| 25:42 | Create | Villager (Male) |
| 25:43 | Create | Villager (Male) |
| 25:43 | Create | Villager (Male) |
| 25:44 | Create | Villager (Male) |
| 26:14 | Build | Stone Wall |
| 26:22 | Build | Stone Wall |
| 26:57 | Build | Stone Wall |
| 27:03 | Build | Stone Wall |
| 27:14 | Build | Stone Wall |
| 27:48 | Build | Mining Camp |
| 28:23 | Build | Mining Camp |
| 29:27 | Build | Mining Camp |
| 29:55 | Build | Lumber Camp |
| 30:10 | Build | Lumber Camp |
Build order — 乃口爪乃丹00ⅨⅤ
118 actions detected in the replay
| 0:13 | Build | Town Center |
| 1:19 | Create | Villager (Male) |
| 1:19 | Create | Villager (Male) |
| 1:20 | Create | Villager (Male) |
| 1:22 | Create | Villager (Male) |
| 2:11 | Create | Villager (Male) |
| 2:22 | Build | Mill |
| 3:18 | Create | Villager (Male) |
| 3:20 | Create | Villager (Male) |
| 3:31 | Create | Villager (Male) |
| 3:33 | Create | Villager (Male) |
| 4:10 | Create | Villager (Male) |
| 4:10 | Create | Villager (Male) |
| 4:28 | Build | Lumber Camp |
| 7:01 | Research | Feudal Age |
| 8:37 | Create | Villager (Male) |
| 8:37 | Create | Villager (Male) |
| 8:38 | Create | Villager (Male) |
| 8:38 | Create | Villager (Male) |
| 8:50 | Build | House |
| 8:51 | Build | House |
| 9:11 | Age | Feudal Age |
| 10:11 | Build | Mining Camp |
| 10:17 | Research | Double-Bit Axe |
| 10:20 | Research | Horse Collar |
| 11:02 | Create | Villager (Male) |
| 11:02 | Create | Villager (Male) |
| 11:11 | Build | Blacksmith |
| 11:38 | Build | Farm |
| 11:57 | Build | Farm |
| 12:08 | Build | Market |
| 12:19 | Create | Villager (Male) |
| 12:19 | Create | Villager (Male) |
| 13:13 | Build | Farm |
| 13:19 | Build | Farm |
| 13:24 | Build | Farm |
| 13:29 | Build | Farm |
| 13:38 | Build | Farm |
| 13:43 | Build | Farm |
| 14:01 | Build | Farm |
| 14:09 | Create | Villager (Male) |
| 14:09 | Create | Villager (Male) |
| 14:59 | Build | Farm |
| 15:05 | Build | Farm |
| 15:08 | Create | Villager (Male) |
| 15:36 | Build | Mining Camp |
| 15:46 | Build | Farm |
| 16:04 | Create | Villager (Male) |
| 16:04 | Create | Villager (Male) |
| 16:35 | Build | Farm |
| 17:00 | Build | Farm |
| 18:12 | Research | Castle Age |
| 20:52 | Age | Castle Age |
| 20:59 | Build | Town Center |
| 21:01 | Build | Town Center |
| 21:12 | Create | Villager (Male) |
| 21:12 | Create | Villager (Male) |
| 21:42 | Research | Bow Saw |
| 21:44 | Research | Heavy Plow |
| 21:47 | Research | Stone Mining |
| 22:26 | Research | Stone Shaft Mining |
| 23:08 | Create | Villager (Male) |
| 23:08 | Create | Villager (Male) |
| 23:08 | Create | Villager (Male) |
| 23:09 | Create | Villager (Male) |
| 23:09 | Create | Villager (Male) |
| 23:10 | Create | Villager (Male) |
| 23:12 | Create | Villager (Male) |
| 23:12 | Create | Villager (Male) |
| 23:12 | Create | Villager (Male) |
| 23:23 | Build | House |
| 23:24 | Build | House |
| 23:25 | Build | House |
| 23:48 | Research | Gold Mining |
| 24:21 | Create | Villager (Male) |
| 24:21 | Create | Villager (Male) |
| 24:21 | Create | Villager (Male) |
| 24:24 | Create | Villager (Male) |
| 24:24 | Create | Villager (Male) |
| 24:24 | Create | Villager (Male) |
| 24:25 | Create | Villager (Male) |
| 24:39 | Build | Mining Camp |
| 24:49 | Create | Villager (Male) |
| 24:50 | Create | Villager (Male) |
| 25:09 | Build | Mining Camp |
| 25:27 | Create | Villager (Male) |
| 25:28 | Create | Villager (Male) |
| 25:29 | Create | Villager (Male) |
| 25:45 | Build | Mining Camp |
| 25:53 | Create | Villager (Male) |
| 25:53 | Create | Villager (Male) |
| 25:53 | Create | Villager (Male) |
| 26:11 | Build | Mining Camp |
| 26:38 | Build | Castle |
| 26:58 | Research | Gold Shaft Mining |
| 27:38 | Research | Fletching |
| 27:38 | Research | Padded Archer Armor |
| 27:55 | Build | House |
| 27:56 | Build | House |
| 27:57 | Build | House |
| 28:06 | Build | Castle |
| 28:19 | Create | Villager (Male) |
| 28:19 | Create | Villager (Male) |
| 28:20 | Create | Villager (Male) |
| 28:21 | Create | Villager (Male) |
| 28:22 | Create | Villager (Male) |
| 28:23 | Create | Villager (Male) |
| 29:20 | Build | University |
| 29:22 | Research | Bodkin Arrow |
| 29:40 | Create | Unit 1968 |
| 29:40 | Create | Unit 1968 |
| 30:14 | Create | Villager (Male) |
| 30:14 | Create | Villager (Male) |
| 30:14 | Create | Villager (Male) |
| 30:15 | Create | Villager (Male) |
| 30:16 | Create | Villager (Male) |
| 30:16 | Create | Villager (Male) |
| 30:52 | Build | Castle |
Build order — MAIZE8221
First 150 of 163 actions detected
| 0:06 | Build | Town Center |
| 1:11 | Build | House |
| 1:12 | Build | House |
| 1:14 | Create | Villager (Male) |
| 1:15 | Create | Villager (Male) |
| 1:15 | Create | Villager (Male) |
| 1:15 | Create | Villager (Male) |
| 1:16 | Create | Villager (Male) |
| 1:42 | Research | Loom |
| 2:15 | Create | Villager (Male) |
| 2:15 | Create | Villager (Male) |
| 2:43 | Create | Villager (Male) |
| 3:15 | Create | Villager (Male) |
| 3:15 | Create | Villager (Male) |
| 4:02 | Create | Villager (Male) |
| 4:03 | Create | Villager (Male) |
| 4:03 | Create | Villager (Male) |
| 4:03 | Create | Villager (Male) |
| 4:30 | Build | Mill |
| 5:12 | Build | Palisade Wall |
| 5:28 | Build | Palisade Wall |
| 5:30 | Build | Palisade Wall |
| 6:31 | Build | Palisade Wall |
| 6:49 | Create | Villager (Male) |
| 6:49 | Create | Villager (Male) |
| 6:55 | Build | Palisade Wall |
| 6:58 | Build | Palisade Wall |
| 7:00 | Build | Palisade Wall |
| 7:09 | Build | Palisade Wall |
| 7:44 | Build | Palisade Wall |
| 7:49 | Build | Palisade Wall |
| 8:23 | Build | Palisade Wall |
| 8:26 | Build | Palisade Wall |
| 8:44 | Build | Lumber Camp |
| 9:05 | Build | Palisade Wall |
| 9:33 | Build | Palisade Wall |
| 9:42 | Create | Villager (Male) |
| 9:42 | Create | Villager (Male) |
| 9:42 | Create | Villager (Male) |
| 9:42 | Create | Villager (Male) |
| 9:43 | Create | Villager (Male) |
| 10:59 | Build | Palisade Wall |
| 11:03 | Build | Palisade Wall |
| 11:16 | Build | Palisade Wall |
| 11:27 | Build | Barracks |
| 11:34 | Research | Feudal Age |
| 11:36 | Create | Villager (Male) |
| 11:36 | Create | Villager (Male) |
| 11:37 | Create | Villager (Male) |
| 11:37 | Create | Villager (Male) |
| 11:37 | Create | Villager (Male) |
| 11:37 | Create | Villager (Male) |
| 11:38 | Create | Villager (Male) |
| 11:38 | Create | Villager (Male) |
| 11:38 | Create | Villager (Male) |
| 11:39 | Create | Villager (Male) |
| 11:39 | Create | Villager (Male) |
| 11:48 | Build | Farm |
| 12:16 | Build | Mining Camp |
| 12:55 | Build | Farm |
| 12:57 | Build | Farm |
| 13:40 | Build | Farm |
| 13:43 | Build | Farm |
| 14:05 | Research | Wheelbarrow |
| 14:15 | Build | Blacksmith |
| 14:26 | Build | Palisade Gate |
| 14:33 | Build | Market |
| 14:40 | Build | Palisade Wall |
| 14:46 | Create | Spearman |
| 14:47 | Create | Spearman |
| 15:18 | Build | House |
| 15:19 | Build | House |
| 15:20 | Build | House |
| 15:31 | Research | Double-Bit Axe |
| 16:25 | Build | Mining Camp |
| 16:41 | Build | Farm |
| 16:58 | Build | Farm |
| 17:23 | Build | Stable |
| 17:34 | Create | Villager (Male) |
| 17:34 | Create | Villager (Male) |
| 17:34 | Create | Villager (Male) |
| 17:34 | Create | Villager (Male) |
| 17:34 | Create | Villager (Male) |
| 17:44 | Build | Farm |
| 17:48 | Build | Mining Camp |
| 17:56 | Build | Watch Tower |
| 17:59 | Research | Town Watch |
| 18:23 | Create | Scout Cavalry |
| 18:35 | Build | Farm |
| 18:42 | Build | Farm |
| 19:30 | Build | Watch Tower |
| 19:35 | Research | Fletching |
| 19:55 | Build | Farm |
| 19:59 | Build | Farm |
| 20:20 | Build | Farm |
| 20:20 | Build | Farm |
| 21:02 | Build | Watch Tower |
| 21:11 | Research | Gold Mining |
| 21:19 | Build | Farm |
| 21:29 | Build | Farm |
| 21:30 | Build | Farm |
| 21:41 | Research | Man-at-Arms (upgrade) |
| 21:42 | Research | Arson |
| 21:42 | Create | Militia |
| 21:43 | Create | Militia |
| 21:43 | Create | Militia |
| 21:43 | Create | Militia |
| 21:44 | Create | Militia |
| 21:52 | Build | Farm |
| 22:00 | Build | House |
| 22:01 | Build | House |
| 22:15 | Build | House |
| 22:22 | Build | House |
| 22:23 | Build | House |
| 22:26 | Build | House |
| 23:05 | Create | Villager (Male) |
| 23:06 | Create | Villager (Male) |
| 23:06 | Create | Villager (Male) |
| 23:06 | Create | Villager (Male) |
| 23:46 | Research | Stone Mining |
| 23:50 | Research | Forging |
| 23:50 | Research | Scale Mail Armor |
| 24:38 | Create | Villager (Male) |
| 24:38 | Create | Villager (Male) |
| 25:08 | Build | Farm |
| 25:10 | Research | Castle Age |
| 25:28 | Create | Trade Cart |
| 25:29 | Create | Trade Cart |
| 25:29 | Create | Trade Cart |
| 25:29 | Create | Trade Cart |
| 25:45 | Build | Farm |
| 25:56 | Research | Horse Collar |
| 26:09 | Build | Barracks |
| 27:36 | Create | Militia |
| 27:37 | Create | Militia |
| 27:37 | Create | Militia |
| 27:37 | Create | Militia |
| 27:38 | Create | Militia |
| 27:38 | Create | Militia |
| 27:39 | Create | Militia |
| 27:39 | Create | Militia |
| 28:22 | Build | Castle |
| 28:37 | Build | Castle |
| 28:51 | Create | Militia |
| 28:51 | Create | Militia |
| 28:52 | Create | Militia |
| 28:52 | Create | Militia |
| 28:58 | Research | Squires |
| 28:59 | Research | Gambesons |
| 29:10 | Build | Palisade Gate |
Match timeline
| 5:12 | MAIZE8221 · wall_segment Palisade Wall x1 |
| 5:28 | MAIZE8221 · wall_segment Palisade Wall x10 |
| 5:30 | MAIZE8221 · wall_segment Palisade Wall x1 |
| 5:37 | Vedro · first_building Donjon |
| 6:31 | MAIZE8221 · wall_segment Palisade Wall x11 |
| 6:55 | MAIZE8221 · wall_segment Palisade Wall x2 |
| 6:58 | MAIZE8221 · wall_segment Palisade Wall x1 |
| 7:00 | MAIZE8221 · wall_segment Palisade Wall x1 |
| 7:09 | MAIZE8221 · wall_segment Palisade Wall x8 |
| 7:15 | Vedro · first_building Barracks |
| 7:26 | denismca · first_building Barracks |
| 7:44 | MAIZE8221 · wall_segment Palisade Wall x5 |
| 7:49 | MAIZE8221 · wall_segment Palisade Wall x10 |
| 8:23 | MAIZE8221 · wall_segment Palisade Wall x5 |
| 8:26 | MAIZE8221 · wall_segment Palisade Wall x2 |
| 8:41 | maces · first_building Barracks |
| 9:05 | MAIZE8221 · wall_segment Palisade Wall x2 |
| 9:11 | 乃口爪乃丹00ⅨⅤ · age_up feudal |
| 9:33 | MAIZE8221 · wall_segment Palisade Wall x22 |
| 10:59 | MAIZE8221 · wall_segment Palisade Wall x4 |
| 11:03 | MAIZE8221 · wall_segment Palisade Wall x4 |
| 11:16 | MAIZE8221 · wall_segment Palisade Wall x5 |
| 11:27 | MAIZE8221 · first_building Barracks |
| 11:45 | Lanyco · age_up feudal |
| 11:49 | maces · age_up feudal |
| 12:19 | denismca · age_up feudal |
| 12:22 | denismca · first_building Stable |
| 12:32 | denismca · wall_segment Stone Wall x31 |
| 13:53 | Vedro · age_up feudal |
| 14:40 | MAIZE8221 · wall_segment Palisade Wall x4 |
| 15:10 | Lanyco · wall_segment Stone Wall x6 |
| 15:45 | denismca · wall_segment Stone Wall x6 |
| 15:49 | Vedro · first_building Archery Range |
| 16:00 | Lanyco · first_building Barracks |
| 16:50 | maces · age_up castle |
| 16:55 | Lanyco · wall_segment Stone Wall x10 |
| 17:00 | denismca · wall_segment Stone Wall x4 |
| 17:23 | MAIZE8221 · first_building Stable |
| 17:25 | Lanyco · wall_segment Stone Wall x16 |
| 18:30 | maces · first_building Castle |
| 18:39 | Vedro · first_market_buy 100 food |
| 20:32 | Vedro · first_market_sell 100 food |
| 20:39 | 乃口爪乃丹00ⅨⅤ · first_market_buy 100 wood |
| 20:52 | 乃口爪乃丹00ⅨⅤ · age_up castle |
| 20:56 | MAIZE8221 · first_market_buy 100 stone |
| 21:19 | denismca · first_market_buy 100 stone |
| 21:19 | Vedro · tribute_sent a jugador 2 |
| 21:19 | Vedro · tribute_sent a jugador 3 |
| 21:19 | Vedro · tribute_sent a jugador 4 |
| 21:19 | Vedro · tribute_sent a jugador 5 |
| 21:19 | Vedro · tribute_sent a jugador 6 |
| 21:21 | Vedro · age_up castle |
| 21:43 | Lanyco · wall_segment Stone Wall x11 |
| 21:55 | Lanyco · wall_segment Stone Wall x4 |
| 22:24 | Lanyco · age_up castle |
| 23:03 | Lanyco · wall_segment Stone Wall x6 |
| 24:52 | Lanyco · wall_segment Stone Wall x13 |
| 25:13 | Lanyco · first_market_buy 100 stone |
| 25:18 | Lanyco · first_market_sell 100 food |
| 25:32 | Lanyco · first_building Castle |
| 26:14 | Lanyco · wall_segment Stone Wall x5 |
| 26:15 | MAIZE8221 · first_market_sell 100 wood |
| 26:22 | Lanyco · wall_segment Stone Wall x6 |
| 26:38 | 乃口爪乃丹00ⅨⅤ · first_building Castle |
| 26:42 | Vedro · first_building Castle |
| 26:57 | Lanyco · wall_segment Stone Wall x7 |
| 27:03 | Lanyco · wall_segment Stone Wall x9 |
| 27:14 | Lanyco · wall_segment Stone Wall x6 |
| 28:22 | MAIZE8221 · first_building Castle |
| 30:17 | MAIZE8221 · resign |
[ AI ANALYSIS · 1 CREDIT ]
What really happened in this match?
Wolo.gg analyzes every decision: build order, eco, micro, common mistakes by bracket. Personalized analysis on WhatsApp or Discord in 30 seconds.
Civ guide
Sicilians
Perfil
Jugador #22258713